2215 views
Uploaded 2022-09-10 03:43:48
Game version 1.33
71:50 long 3on3 ladder game on (6)UpperKingdom
Saved by GIGA
2215 views
Uploaded 2022-09-10 03:43:48
Game version 1.33
71:50 long 3on3 ladder game on (6)UpperKingdom


217 units @ 38.1k
/ 7.4k
82 buildings @ 12.3k
/ 5.1k


| Potion of Mana | 1 | 200 |
| Potion of Healing | 11 | 1650 |
| Orb of Corruption | 1 | 375 |
| Scroll of Town Portal | 8 | 2800 |
| Dust of Appearance | 1 | 75 |
| Scroll of Regeneration | 1 | 100 |
| Orb of Fire | 1 | 325 |
| total: | 24 | 5525g |
| Acolyte | 7 | 525 | / | 0 |
| Ghoul | 5 | 600 | / | 0 |
| Crypt Fiend | 21 | 4515 | / | 840 |
| Meat Wagon | 4 | 920 | / | 200 |
| Frost Wyrm | 10 | 3850 | / | 1200 |
| Abomination | 4 | 960 | / | 280 |
| total: | 51 | 11370g | / | 2520w |
| Nerubian Tower | 1 | 100 | / | 20 |
| Spirit Tower | 7 | 1015 | / | 280 |
| Altar of Darkness | 1 | 180 | / | 50 |
| Ziggurat | 14 | 2100 | / | 700 |
| Crypt | 3 | 600 | / | 150 |
| Graveyard | 1 | 215 | / | 0 |
| Tomb of Relics | 1 | 130 | / | 30 |
| Necropolis | 1 | 225 | / | 0 |
| Slaughterhouse | 2 | 280 | / | 270 |
| Boneyard | 2 | 350 | / | 400 |
| Halls of the Dead | 1 | 320 | / | 210 |
| Black Citadel | 1 | 325 | / | 230 |
| total: | 25 | 4080g | / | 1600w |
| 0:05 | Acolyte |
| 0:05 | Acolyte |
| 0:50 | Altar of Darkness |
| 0:52 | Ziggurat |
| 0:57 | Crypt |
| 1:27 | Graveyard |
| 1:49 | Nerubian Tower |
| 1:53 | Ziggurat |
| 2:04 | Ghoul |
| 2:04 | Ghoul |
| 2:40 | Ghoul |
| 2:52 | Crypt |
| 2:58 | Carrion Beetles |
| 3:02 | Crypt |
| 3:11 | Crypt Fiend |
| 3:46 | Acolyte |
| 3:52 | Crypt Fiend |
| 4:19 | Crypt Fiend |
| 4:35 | Ghoul |
| 4:35 | Ghoul |
| 4:53 | Impale |
| 5:11 | Spirit Tower |
| 5:15 | Ziggurat |
| 5:15 | Ziggurat |
| 6:04 | Ziggurat |
| 6:05 | Ziggurat |
| 6:11 | Acolyte |
| 6:12 | Acolyte |
| 6:12 | Acolyte |
| 6:12 | Acolyte |
| 6:28 | Spirit Tower |
| 6:30 | Spirit Tower |
| 7:16 | Crypt Fiend |
| 7:31 | Halls of the Dead |
| 7:57 | Crypt Fiend |
| 8:00 | Creature Attack |
| 8:48 | Crypt Fiend |
| 9:33 | Crypt Fiend |
| 9:50 | Carrion Beetles |
| 10:48 | Black Citadel |
| 10:50 | Web |
| 11:12 | Slaughterhouse |
| 11:13 | Slaughterhouse |
| 11:49 | Tomb of Relics |
| 11:57 | Death Coil |
| 12:18 | Spirit Tower |
| 12:20 | Ziggurat |
| 13:06 | Meat Wagon |
| 13:06 | Meat Wagon |
| 13:10 | Unholy Strength |
| 13:33 | Meat Wagon |
| 13:34 | Meat Wagon |
| 14:18 | Scroll of Town Portal |
| 14:19 | Potion of Mana |
| 14:28 | Ziggurat |
| 14:29 | Ziggurat |
| 14:57 | Improved Unholy Strength |
| 16:51 | Boneyard |
| 16:51 | Boneyard |
| 17:54 | Advanced Unholy Strength |
| 17:56 | Improved Creature Attack |
| 18:41 | Freezing Breath |
| 18:41 | Frost Wyrm |
| 18:42 | Frost Wyrm |
| 19:28 | Frost Wyrm |
| 20:47 | Frost Wyrm |
| 21:13 | Advanced Creature Attack |
| 21:35 | Crypt Fiend |
| 21:35 | Crypt Fiend |
| 21:40 | Spirit Tower |
| 22:44 | Potion of Healing |
| 22:58 | Scroll of Town Portal |
| 25:42 | Impale |
| 26:12 | Carrion Beetles |
| 26:41 | Crypt Fiend |
| 27:12 | Creature Carapace |
| 27:18 | Frost Wyrm |
| 30:33 | Dust of Appearance |
| 30:34 | Potion of Healing |
| 31:44 | Crypt Fiend |
| 34:36 | Crypt Fiend |
| 34:36 | Crypt Fiend |
| 35:28 | Crypt Fiend |
| 36:40 | Crypt Fiend |
| 36:41 | Crypt Fiend |
| 38:02 | Crypt Fiend |
| 38:08 | Improved Creature Carapace |
| 39:15 | Crypt Fiend |
| 39:36 | Locust Swarm |
| 42:16 | Potion of Healing |
| 42:17 | Scroll of Town Portal |
| 43:16 | Potion of Healing |
| 43:17 | Orb of Corruption |
| 43:17 | Potion of Healing |
| 43:20 | Scroll of Town Portal |
| 44:29 | Potion of Healing |
| 44:30 | Scroll of Town Portal |
| 44:31 | Scroll of Regeneration |
| 46:16 | Crypt Fiend |
| 46:16 | Crypt Fiend |
| 46:23 | Abomination |
| 47:10 | Abomination |
| 47:11 | Abomination |
| 48:35 | Abomination |
| 48:38 | Crypt Fiend |
| 50:02 | Necropolis |
| 50:11 | Potion of Healing |
| 52:03 | Ziggurat |
| 52:04 | Ziggurat |
| 52:05 | Ziggurat |
| 52:58 | Spirit Tower |
| 53:27 | Ziggurat |
| 53:28 | Ziggurat |
| 53:31 | Spirit Tower |
| 58:28 | Frost Wyrm |
| 58:28 | Frost Wyrm |
| 58:28 | Frost Wyrm |
| 58:44 | Potion of Healing |
| 58:46 | Scroll of Town Portal |
| 58:50 | Potion of Healing |
| 65:24 | Impale |
| 65:33 | Frost Wyrm |
| 65:41 | Scroll of Town Portal |
| 65:41 | Potion of Healing |
| 65:45 | Orb of Fire |
| 66:41 | Frost Wyrm |
| 67:36 | Scroll of Town Portal |
| 67:36 | Potion of Healing |
| Right click | 2068 |
| Select | 1050 |
| Build/train/purchase | 138 |
| Use ability | 44 |
| Chat | 31 |
| Misc. action | 20 |
| Minimap ping | 19 |
| Resource trade | 5 |
| Remove unit | 2 |

| Rod of Necromancy | 2 | 300 |
| Dust of Appearance | 2 | 150 |
| total: | 4 | 450g |
| Acolyte | 26 | 1950 | / | 0 |
| Ghoul | 17 | 2040 | / | 0 |
| Crypt Fiend | 19 | 4085 | / | 760 |
| Obsidian Statue | 5 | 1000 | / | 175 |
| Meat Wagon | 6 | 1380 | / | 300 |
| Abomination | 3 | 720 | / | 210 |
| Frost Wyrm | 11 | 4235 | / | 1320 |
| Sorceress | 2 | 310 | / | 40 |
| Rifleman | 5 | 1025 | / | 150 |
| Priest | 3 | 405 | / | 30 |
| Flying Machine | 16 | 1600 | / | 480 |
| Mortar Team | 1 | 180 | / | 70 |
| Spell Breaker | 7 | 1505 | / | 210 |
| Peasant | 4 | 300 | / | 0 |
| Siege Engine | 4 | 780 | / | 240 |
| total: | 129 | 21515g | / | 3985w |
| Spirit Tower | 4 | 580 | / | 160 |
| Nerubian Tower | 3 | 300 | / | 60 |
| Graveyard | 1 | 215 | / | 0 |
| Crypt | 2 | 400 | / | 100 |
| Ziggurat | 13 | 1950 | / | 650 |
| Altar of Darkness | 1 | 180 | / | 50 |
| Tomb of Relics | 1 | 130 | / | 30 |
| Necropolis | 4 | 900 | / | 0 |
| Slaughterhouse | 2 | 280 | / | 270 |
| Sacrificial Pit | 1 | 75 | / | 150 |
| Boneyard | 2 | 350 | / | 400 |
| Halls of the Dead | 2 | 640 | / | 420 |
| Black Citadel | 1 | 325 | / | 230 |
| Town Hall | 1 | 385 | / | 205 |
| Farm | 1 | 80 | / | 20 |
| Keep | 1 | 320 | / | 210 |
| Castle | 1 | 360 | / | 210 |
| total: | 29 | 4945g | / | 1875w |
| 0:01 | Acolyte |
| 0:23 | Acolyte |
| 0:34 | Graveyard |
| 0:37 | Crypt |
| 0:42 | Ziggurat |
| 0:56 | Altar of Darkness |
| 1:30 | Ziggurat |
| 1:39 | Ghoul |
| 1:49 | Ghoul |
| 2:07 | Ghoul |
| 2:14 | Tomb of Relics |
| 2:22 | Crypt Fiend |
| 2:46 | Crypt Fiend |
| 3:00 | Frost Nova |
| 3:19 | Rod of Necromancy |
| 3:20 | Dust of Appearance |
| 3:31 | Crypt Fiend |
| 4:03 | Acolyte |
| 4:37 | Halls of the Dead |
| 4:43 | Creature Attack |
| 4:46 | Frost Armor |
| 5:07 | Ziggurat |
| 5:15 | Creature Carapace |
| 6:01 | Necropolis |
| 6:16 | Crypt Fiend |
| 6:41 | Crypt Fiend |
| 7:12 | Crypt Fiend |
| 7:21 | Necropolis |
| 7:40 | Acolyte |
| 7:40 | Acolyte |
| 7:40 | Acolyte |
| 7:41 | Acolyte |
| 7:55 | Web |
| 8:15 | Acolyte |
| 8:16 | Acolyte |
| 8:25 | Crypt Fiend |
| 8:34 | Improved Creature Carapace |
| 8:53 | Crypt Fiend |
| 8:57 | Slaughterhouse |
| 8:59 | Slaughterhouse |
| 9:05 | Sacrificial Pit |
| 9:08 | Ziggurat |
| 9:13 | Frost Nova |
| 10:03 | Obsidian Statue |
| 10:04 | Obsidian Statue |
| 10:06 | Crypt Fiend |
| 10:25 | Ziggurat |
| 10:26 | Ziggurat |
| 10:27 | Ziggurat |
| 10:44 | Meat Wagon |
| 11:32 | Meat Wagon |
| 11:33 | Meat Wagon |
| 11:36 | Burrow |
| 12:24 | Frost Armor |
| 12:48 | Meat Wagon |
| 12:48 | Meat Wagon |
| 12:51 | Crypt Fiend |
| 12:56 | Black Citadel |
| 14:05 | Obsidian Statue |
| 16:29 | Abomination |
| 16:29 | Abomination |
| 16:31 | Acolyte |
| 16:33 | Crypt Fiend |
| 16:33 | Crypt Fiend |
| 16:37 | Boneyard |
| 16:38 | Boneyard |
| 17:38 | Abomination |
| 17:44 | Crypt Fiend |
| 17:44 | Crypt Fiend |
| 18:31 | Crypt Fiend |
| 18:34 | Frost Wyrm |
| 19:12 | Acolyte |
| 19:12 | Acolyte |
| 19:12 | Acolyte |
| 19:12 | Acolyte |
| 19:16 | Improved Creature Attack |
| 19:18 | Frost Wyrm |
| 19:22 | Ghoul |
| 19:23 | Ghoul |
| 20:13 | Freezing Breath |
| 20:31 | Rod of Necromancy |
| 20:32 | Dust of Appearance |
| 21:03 | Frost Wyrm |
| 21:06 | Frost Wyrm |
| 22:05 | Frost Wyrm |
| 22:06 | Frost Wyrm |
| 22:47 | Summon Water Elemental |
| 23:20 | Ghoul |
| 23:21 | Ghoul |
| 23:21 | Ghoul |
| 23:21 | Ghoul |
| 24:01 | Spirit Tower |
| 24:55 | Ziggurat |
| 25:51 | Frost Nova |
| 26:43 | Frost Wyrm |
| 26:45 | Ghoul |
| 26:45 | Ghoul |
| 27:30 | Spirit Tower |
| 27:34 | Necropolis |
| 27:51 | Obsidian Statue |
| 27:55 | Ghoul |
| 28:08 | Sorceress |
| 28:08 | Sorceress |
| 28:13 | Town Hall |
| 28:17 | Rifleman |
| 28:17 | Rifleman |
| 28:20 | Studded Leather Armor |
| 29:12 | Frost Wyrm |
| 29:16 | Death and Decay |
| 30:34 | Farm |
| 31:19 | Spirit Tower |
| 31:22 | Crypt |
| 31:25 | Halls of the Dead |
| 31:50 | Ziggurat |
| 32:53 | Nerubian Tower |
| 33:04 | Acolyte |
| 33:04 | Acolyte |
| 33:05 | Acolyte |
| 33:05 | Acolyte |
| 34:27 | Priest |
| 34:27 | Priest |
| 34:33 | Flying Machine |
| 34:45 | Keep |
| 34:47 | Rifleman |
| 34:47 | Rifleman |
| 35:18 | Sorceress Adept Training |
| 35:18 | Magic Sentry |
| 35:24 | Rifleman |
| 35:54 | Acolyte |
| 36:32 | Necropolis |
| 36:34 | Ziggurat |
| 36:35 | Ziggurat |
| 36:36 | Nerubian Tower |
| 36:40 | Ziggurat |
| 37:25 | Frost Wyrm |
| 37:35 | Crypt Fiend |
| 37:35 | Crypt Fiend |
| 37:39 | Meat Wagon |
| 37:41 | Obsidian Statue |
| 38:03 | Castle |
| 38:18 | Mortar Team |
| 38:26 | Spirit Tower |
| 38:51 | Acolyte |
| 39:58 | Ziggurat |
| 40:10 | Flying Machine |
| 40:22 | Flak Cannons |
| 40:25 | Flying Machine |
| 40:25 | Flying Machine |
| 40:26 | Flying Machine |
| 40:30 | Siege Engine |
| 40:33 | Siege Engine |
| 40:36 | Siege Engine |
| 40:41 | Priest |
| 41:47 | Mass Teleport |
| 42:02 | Crypt Fiend |
| 42:02 | Crypt Fiend |
| 42:25 | Siege Engine |
| 43:04 | Nerubian Tower |
| 43:20 | Ghoul |
| 43:20 | Ghoul |
| 43:20 | Ghoul |
| 43:52 | Sorceress Master Training |
| 44:21 | Frost Wyrm |
| 46:20 | Frost Wyrm |
| 46:25 | Ghoul |
| 46:25 | Ghoul |
| 47:14 | Acolyte |
| 48:33 | Acolyte |
| 49:54 | Acolyte |
| 49:55 | Acolyte |
| 49:55 | Acolyte |
| 49:55 | Acolyte |
| 50:06 | Spell Breaker |
| 50:08 | Spell Breaker |
| 50:12 | Flying Machine |
| 50:12 | Flying Machine |
| 50:12 | Flying Machine |
| 50:28 | Flying Machine Bombs |
| 51:43 | Flying Machine |
| 51:43 | Flying Machine |
| 51:43 | Flying Machine |
| 52:47 | Peasant |
| 52:47 | Peasant |
| 52:47 | Peasant |
| 52:51 | Flying Machine |
| 52:51 | Flying Machine |
| 52:51 | Flying Machine |
| 56:03 | Spell Breaker |
| 56:04 | Spell Breaker |
| 56:11 | Flying Machine |
| 56:12 | Flying Machine |
| 59:49 | Spell Breaker |
| 59:51 | Spell Breaker |
| 62:40 | Spell Breaker |
| 67:49 | Peasant |
| Right click | 2167 |
| Select | 1386 |
| Select group | 913 |
| Misc. action | 316 |
| Build/train/purchase | 226 |
| Assign group | 169 |
| Resource trade | 94 |
| Use ability | 48 |
| Remove unit | 21 |
| Minimap ping | 1 |

| Peasant | 9 | 675 | / | 0 |
| Footman | 8 | 1080 | / | 0 |
| Priest | 5 | 675 | / | 50 |
| Knight | 1 | 245 | / | 60 |
| Sorceress | 2 | 310 | / | 40 |
| Siege Engine | 5 | 975 | / | 300 |
| Mortar Team | 7 | 1260 | / | 490 |
| total: | 37 | 5220g | / | 940w |
| Scout Tower | 4 | 120 | / | 80 |
| Arcane Tower | 1 | 70 | / | 50 |
| Guard Tower | 2 | 140 | / | 100 |
| Farm | 12 | 960 | / | 240 |
| Altar of Kings | 1 | 180 | / | 50 |
| Barracks | 1 | 160 | / | 60 |
| Lumber Mill | 1 | 120 | / | 0 |
| Blacksmith | 1 | 140 | / | 60 |
| Arcane Vault | 1 | 130 | / | 30 |
| Town Hall | 2 | 770 | / | 410 |
| Arcane Sanctum | 2 | 300 | / | 280 |
| Workshop | 3 | 420 | / | 420 |
| Keep | 1 | 320 | / | 210 |
| Castle | 1 | 360 | / | 210 |
| total: | 28 | 3300g | / | 1630w |
| 0:09 | Peasant |
| 0:09 | Peasant |
| 0:27 | Farm |
| 0:34 | Altar of Kings |
| 0:35 | Peasant |
| 0:46 | Peasant |
| 0:52 | Barracks |
| 0:54 | Peasant |
| 1:07 | Lumber Mill |
| 1:10 | Peasant |
| 1:28 | Peasant |
| 1:36 | Farm |
| 1:50 | Peasant |
| 2:08 | Footman |
| 2:08 | Footman |
| 2:22 | Farm |
| 2:27 | Farm |
| 2:28 | Peasant |
| 2:39 | Summon Water Elemental |
| 2:56 | Keep |
| 3:03 | Scout Tower |
| 3:09 | Footman |
| 3:39 | Arcane Tower |
| 3:41 | Footman |
| 3:58 | Footman |
| 4:06 | Blacksmith |
| 4:24 | Defend |
| 4:28 | Farm |
| 4:41 | Arcane Vault |
| 5:06 | Scout Tower |
| 5:10 | Farm |
| 5:18 | Farm |
| 5:25 | Footman |
| 5:27 | Brilliance Aura |
| 5:29 | Iron Plating |
| 5:31 | Castle |
| 5:40 | Guard Tower |
| 5:52 | Improved Masonry |
| 6:30 | Footman |
| 6:36 | Arcane Sanctum |
| 7:22 | Iron Forged Swords |
| 7:24 | Footman |
| 7:29 | Farm |
| 7:52 | Priest |
| 7:57 | Knight |
| 8:02 | Arcane Sanctum |
| 8:17 | Farm |
| 8:19 | Priest |
| 8:45 | Priest |
| 8:54 | Animal War Training |
| 8:58 | Farm |
| 9:00 | Summon Water Elemental |
| 9:20 | Priest Adept Training |
| 9:22 | Sorceress |
| 9:27 | Farm |
| 10:11 | Workshop |
| 10:19 | Workshop |
| 10:21 | Black Gunpowder |
| 10:25 | Workshop |
| 11:21 | Siege Engine |
| 11:34 | Siege Engine |
| 11:36 | Barrage |
| 11:40 | Farm |
| 12:03 | Brilliance Aura |
| 12:15 | Priest Master Training |
| 12:20 | Siege Engine |
| 12:22 | Siege Engine |
| 12:43 | Scout Tower |
| 12:52 | Siege Engine |
| 14:02 | Priest |
| 14:04 | Sorceress |
| 14:07 | Steel Forged Swords |
| 14:56 | Town Hall |
| 16:12 | Fragmentation Shards |
| 16:13 | Mortar Team |
| 16:15 | Mortar Team |
| 17:04 | Mortar Team |
| 17:06 | Mortar Team |
| 17:07 | Mortar Team |
| 17:28 | Scout Tower |
| 17:56 | Flare |
| 17:57 | Mortar Team |
| 17:58 | Mortar Team |
| 18:01 | Refined Gunpowder |
| 18:43 | Priest |
| 18:53 | Town Hall |
| 18:54 | Guard Tower |
| Right click | 485 |
| Select | 275 |
| Select group | 187 |
| Misc. action | 101 |
| Build/train/purchase | 92 |
| Chat | 37 |
| Assign group | 29 |
| Use ability | 7 |
| Minimap ping | 6 |
| Item give/drop | 1 |
140 units @ 14.2k
/ 1.9k
170 buildings @ 14.3k
/ 6.5k
Jgraham2
(30)
(71:41) : 
| Peasant | 20 | 1500 | / | 0 |
| total: | 20 | 1500g | / | 0w |
| Scout Tower | 52 | 1560 | / | 1040 |
| Arcane Tower | 2 | 140 | / | 100 |
| Guard Tower | 14 | 980 | / | 700 |
| Altar of Kings | 1 | 180 | / | 50 |
| Farm | 4 | 320 | / | 80 |
| Lumber Mill | 3 | 360 | / | 0 |
| Town Hall | 3 | 1155 | / | 615 |
| Keep | 1 | 320 | / | 210 |
| Castle | 1 | 360 | / | 210 |
| total: | 63 | 3575g | / | 1785w |
| 0:09 | Altar of Kings |
| 0:10 | Peasant |
| 0:10 | Peasant |
| 0:10 | Peasant |
| 0:11 | Peasant |
| 0:23 | Peasant |
| 0:23 | Peasant |
| 0:34 | Farm |
| 0:34 | Farm |
| 0:35 | Farm |
| 0:41 | Peasant |
| 0:59 | Lumber Mill |
| 1:04 | Scout Tower |
| 1:23 | Peasant |
| 1:24 | Peasant |
| 1:32 | Scout Tower |
| 1:41 | Peasant |
| 1:46 | Arcane Tower |
| 1:56 | Farm |
| 2:06 | Scout Tower |
| 2:12 | Improved Lumber Harvesting |
| 2:32 | Improved Masonry |
| 2:33 | Peasant |
| 2:33 | Peasant |
| 2:52 | Storm Bolt |
| 3:36 | Guard Tower |
| 3:37 | Peasant |
| 3:38 | Peasant |
| 3:48 | Scout Tower |
| 3:48 | Scout Tower |
| 3:51 | Scout Tower |
| 3:52 | Scout Tower |
| 3:53 | Scout Tower |
| 3:54 | Scout Tower |
| 3:55 | Scout Tower |
| 3:57 | Scout Tower |
| 3:58 | Scout Tower |
| 3:58 | Scout Tower |
| 3:59 | Scout Tower |
| 4:17 | Peasant |
| 4:17 | Peasant |
| 4:26 | Guard Tower |
| 4:49 | Keep |
| 5:02 | Guard Tower |
| 5:06 | Scout Tower |
| 5:08 | Scout Tower |
| 5:09 | Scout Tower |
| 5:10 | Scout Tower |
| 5:39 | Scout Tower |
| 5:43 | Guard Tower |
| 5:45 | Guard Tower |
| 5:57 | Scout Tower |
| 6:02 | Scout Tower |
| 6:02 | Scout Tower |
| 6:05 | Guard Tower |
| 6:13 | Scout Tower |
| 6:14 | Scout Tower |
| 6:16 | Scout Tower |
| 6:18 | Scout Tower |
| 6:19 | Scout Tower |
| 6:50 | Guard Tower |
| 7:01 | Scout Tower |
| 7:02 | Scout Tower |
| 7:03 | Scout Tower |
| 7:03 | Scout Tower |
| 7:04 | Scout Tower |
| 7:06 | Guard Tower |
| 7:54 | Advanced Masonry |
| 7:57 | Advanced Lumber Harvesting |
| 8:41 | Guard Tower |
| 8:47 | Scout Tower |
| 8:47 | Scout Tower |
| 8:49 | Scout Tower |
| 8:49 | Scout Tower |
| 8:50 | Scout Tower |
| 8:51 | Scout Tower |
| 9:37 | Guard Tower |
| 9:43 | Scout Tower |
| 9:57 | Scout Tower |
| 9:58 | Scout Tower |
| 9:59 | Scout Tower |
| 10:04 | Scout Tower |
| 10:04 | Scout Tower |
| 10:11 | Castle |
| 10:57 | Guard Tower |
| 11:40 | Guard Tower |
| 11:48 | Scout Tower |
| 11:48 | Scout Tower |
| 11:49 | Scout Tower |
| 11:50 | Scout Tower |
| 12:24 | Guard Tower |
| 13:18 | Arcane Tower |
| 13:33 | Lumber Mill |
| 13:55 | Scout Tower |
| 13:55 | Scout Tower |
| 13:57 | Scout Tower |
| 13:57 | Scout Tower |
| 15:01 | Town Hall |
| 15:24 | Town Hall |
| 18:47 | Peasant |
| 22:45 | Peasant |
| 22:45 | Peasant |
| 22:45 | Peasant |
| 28:48 | Lumber Mill |
| 28:53 | Town Hall |
| 30:03 | Guard Tower |
| Right click | 2310 |
| Select group | 1753 |
| Select | 415 |
| Minimap ping | 56 |
| Build/train/purchase | 50 |
| Resource trade | 44 |
| Assign group | 29 |
| Chat | 17 |
| Use ability | 15 |
| Misc. action | 6 |
| Remove unit | 1 |
GIGA
(207)
(71:41) : 
| Healing Salve | 1 | 100 |
| Lesser Clarity Potion | 1 | 70 |
| Tiny Great Hall | 4 | 2400 |
| Orb of Lightning | 1 | 375 |
| Orb of Fire | 1 | 325 |
| Staff of Sanctuary | 1 | 250 |
| total: | 9 | 3520g |
| Peon | 47 | 3525 | / | 0 |
| Troll Headhunter | 4 | 560 | / | 80 |
| Troll Witch Doctor | 5 | 725 | / | 125 |
| Wind Rider | 8 | 2120 | / | 320 |
| total: | 64 | 6930g | / | 525w |
| Watch Tower | 3 | 330 | / | 240 |
| Altar of Storms | 2 | 360 | / | 100 |
| Orc Burrow | 10 | 1600 | / | 400 |
| Voodoo Lounge | 2 | 260 | / | 60 |
| War Mill | 2 | 410 | / | 0 |
| Barracks | 1 | 180 | / | 50 |
| Great Hall | 5 | 1925 | / | 925 |
| Spirit Lodge | 1 | 150 | / | 150 |
| Beastiary | 2 | 290 | / | 280 |
| Stronghold | 1 | 315 | / | 190 |
| Fortress | 1 | 325 | / | 190 |
| total: | 28 | 5505g | / | 2205w |
| 0:04 | Peon |
| 0:04 | Peon |
| 0:07 | Altar of Storms |
| 0:09 | Orc Burrow |
| 0:12 | Peon |
| 0:42 | Peon |
| 0:51 | Voodoo Lounge |
| 0:53 | Peon |
| 0:53 | Peon |
| 1:15 | War Mill |
| 1:37 | Barracks |
| 1:40 | Peon |
| 1:52 | Peon |
| 2:06 | Healing Salve |
| 2:07 | Lesser Clarity Potion |
| 2:21 | Orc Burrow |
| 2:27 | Peon |
| 2:41 | Wind Walk |
| 3:01 | Troll Headhunter |
| 3:01 | Troll Headhunter |
| 3:11 | Peon |
| 3:12 | Peon |
| 3:52 | Troll Headhunter |
| 3:52 | Troll Headhunter |
| 3:56 | Peon |
| 5:00 | Great Hall |
| 5:03 | Altar of Storms |
| 5:10 | Critical Strike |
| 5:25 | Peon |
| 5:29 | Orc Burrow |
| 7:21 | Voodoo Lounge |
| 7:27 | Orc Burrow |
| 7:30 | War Mill |
| 7:54 | Bash |
| 9:03 | Holy Light |
| 9:24 | Wind Walk |
| 9:36 | Storm Bolt |
| 10:08 | Storm Bolt |
| 11:04 | Divine Shield |
| 13:58 | Stronghold |
| 15:48 | Critical Strike |
| 16:19 | Fortress |
| 16:25 | Spirit Lodge |
| 17:57 | Witch Doctor Adept Training |
| 19:04 | Witch Doctor Master Training |
| 19:04 | Troll Witch Doctor |
| 19:05 | Troll Witch Doctor |
| 19:05 | Troll Witch Doctor |
| 20:55 | Critical Strike |
| 24:07 | Bladestorm |
| 24:32 | Tiny Great Hall |
| 26:17 | Peon |
| 26:17 | Peon |
| 26:17 | Peon |
| 26:17 | Peon |
| 26:18 | Peon |
| 26:27 | Holy Light |
| 27:08 | Troll Witch Doctor |
| 27:08 | Troll Witch Doctor |
| 29:47 | Wind Walk |
| 33:33 | Devotion Aura |
| 34:06 | Mirror Image |
| 34:57 | Tiny Great Hall |
| 35:42 | Orc Burrow |
| 36:49 | Peon |
| 36:49 | Peon |
| 36:49 | Peon |
| 36:50 | Peon |
| 36:51 | Peon |
| 39:54 | Watch Tower |
| 39:55 | Watch Tower |
| 39:56 | Watch Tower |
| 41:39 | Mirror Image |
| 48:46 | Mirror Image |
| 49:36 | Tiny Great Hall |
| 49:40 | Holy Light |
| 50:31 | Peon |
| 50:31 | Peon |
| 50:31 | Peon |
| 50:32 | Peon |
| 50:32 | Peon |
| 54:50 | Resurrection |
| 56:02 | Orb of Lightning |
| 56:43 | Orb of Fire |
| 56:43 | Staff of Sanctuary |
| 62:18 | Tiny Great Hall |
| 62:54 | Peon |
| 62:55 | Peon |
| 62:55 | Peon |
| 62:55 | Peon |
| 62:55 | Peon |
| 63:08 | Orc Burrow |
| 63:11 | Orc Burrow |
| 63:16 | Orc Burrow |
| 63:20 | Beastiary |
| 63:24 | Beastiary |
| 63:29 | Shaman Adept Training |
| 63:43 | Great Hall |
| 65:37 | Great Hall |
| 65:52 | Great Hall |
| 65:59 | Great Hall |
| 67:17 | Peon |
| 67:17 | Peon |
| 67:53 | Peon |
| 67:53 | Peon |
| 67:53 | Peon |
| 67:54 | Peon |
| 67:57 | Wind Rider |
| 67:58 | Wind Rider |
| 67:58 | Wind Rider |
| 68:01 | Orc Burrow |
| 68:03 | Orc Burrow |
| 68:07 | Steel Ranged Weapons |
| 68:09 | Steel Armor |
| 69:09 | Peon |
| 69:09 | Peon |
| 69:09 | Peon |
| 69:09 | Peon |
| 69:31 | Peon |
| 69:31 | Peon |
| 69:31 | Peon |
| 69:31 | Peon |
| 70:19 | Wind Rider |
| 70:19 | Wind Rider |
| 70:19 | Wind Rider |
| 70:40 | Wind Rider |
| 70:40 | Wind Rider |
| 70:49 | Thorium Ranged Weapons |
| Right click | 4171 |
| Select | 432 |
| Select group | 302 |
| Build/train/purchase | 249 |
| Chat | 122 |
| Minimap ping | 76 |
| Resource trade | 76 |
| Misc. action | 49 |
| Use ability | 40 |
| Item give/drop | 12 |
| Assign group | 11 |
| Esc | 4 |



| Peasant | 17 | 1275 | / | 0 |
| Mortar Team | 5 | 900 | / | 350 |
| Flying Machine | 32 | 3200 | / | 960 |
| Dragonhawk Rider | 2 | 400 | / | 60 |
| total: | 56 | 5775g | / | 1370w |
| Scout Tower | 45 | 1350 | / | 900 |
| Arcane Tower | 2 | 140 | / | 100 |
| Guard Tower | 14 | 980 | / | 700 |
| Altar of Kings | 2 | 360 | / | 100 |
| Lumber Mill | 3 | 360 | / | 0 |
| Farm | 19 | 1520 | / | 380 |
| Town Hall | 1 | 385 | / | 205 |
| Blacksmith | 2 | 280 | / | 120 |
| Arcane Vault | 2 | 260 | / | 60 |
| Workshop | 4 | 560 | / | 560 |
| Gryphon Aviary | 1 | 140 | / | 150 |
| Keep | 1 | 320 | / | 210 |
| Castle | 1 | 360 | / | 210 |
| total: | 79 | 5215g | / | 2475w |
| 0:03 | Peasant |
| 0:09 | Altar of Kings |
| 0:11 | Peasant |
| 0:12 | Peasant |
| 0:23 | Lumber Mill |
| 0:25 | Peasant |
| 0:34 | Farm |
| 0:44 | Peasant |
| 0:51 | Peasant |
| 0:56 | Scout Tower |
| 1:02 | Peasant |
| 1:07 | Farm |
| 1:22 | Peasant |
| 1:24 | Scout Tower |
| 1:33 | Peasant |
| 1:48 | Improved Lumber Harvesting |
| 1:51 | Arcane Tower |
| 1:54 | Scout Tower |
| 1:59 | Peasant |
| 2:26 | Peasant |
| 2:29 | Guard Tower |
| 2:31 | Scout Tower |
| 2:33 | Scout Tower |
| 2:46 | Storm Bolt |
| 3:09 | Guard Tower |
| 3:10 | Scout Tower |
| 3:18 | Peasant |
| 3:21 | Improved Masonry |
| 3:22 | Peasant |
| 3:33 | Town Hall |
| 3:40 | Scout Tower |
| 3:46 | Guard Tower |
| 3:48 | Scout Tower |
| 3:49 | Scout Tower |
| 3:55 | Peasant |
| 4:53 | Keep |
| 5:05 | Blacksmith |
| 5:07 | Blacksmith |
| 5:09 | Scout Tower |
| 5:10 | Scout Tower |
| 5:13 | Guard Tower |
| 5:16 | Scout Tower |
| 5:19 | Arcane Tower |
| 5:24 | Peasant |
| 5:24 | Peasant |
| 5:24 | Peasant |
| 6:01 | Guard Tower |
| 6:02 | Scout Tower |
| 6:03 | Scout Tower |
| 6:11 | Scout Tower |
| 6:12 | Scout Tower |
| 6:23 | Bash |
| 6:29 | Black Gunpowder |
| 6:36 | Arcane Vault |
| 6:43 | Scout Tower |
| 6:59 | Guard Tower |
| 7:00 | Guard Tower |
| 7:03 | Scout Tower |
| 7:03 | Scout Tower |
| 7:15 | Advanced Lumber Harvesting |
| 7:18 | Advanced Masonry |
| 7:25 | Castle |
| 7:32 | Guard Tower |
| 7:56 | Workshop |
| 8:03 | Workshop |
| 8:08 | Workshop |
| 8:11 | Workshop |
| 8:19 | Refined Gunpowder |
| 8:26 | Holy Light |
| 8:55 | Guard Tower |
| 9:10 | Farm |
| 9:11 | Farm |
| 9:12 | Farm |
| 9:13 | Farm |
| 9:16 | Farm |
| 9:19 | Farm |
| 9:20 | Farm |
| 9:23 | Farm |
| 9:40 | Mortar Team |
| 9:50 | Mortar Team |
| 9:54 | Flak Cannons |
| 9:54 | Flying Machine Bombs |
| 9:54 | Fragmentation Shards |
| 9:55 | Flare |
| 10:00 | Scout Tower |
| 10:01 | Scout Tower |
| 10:03 | Scout Tower |
| 10:54 | Imbued Gunpowder |
| 12:37 | Iron Plating |
| 13:58 | Flying Machine |
| 13:58 | Flying Machine |
| 13:58 | Flying Machine |
| 13:58 | Flying Machine |
| 13:59 | Flying Machine |
| 13:59 | Flying Machine |
| 13:59 | Flying Machine |
| 14:10 | Arcane Vault |
| 14:21 | Farm |
| 14:22 | Farm |
| 14:22 | Farm |
| 16:19 | Flying Machine |
| 16:20 | Flying Machine |
| 16:20 | Flying Machine |
| 16:22 | Flying Machine |
| 16:22 | Flying Machine |
| 16:30 | Flying Machine |
| 17:09 | Farm |
| 17:10 | Farm |
| 17:11 | Farm |
| 19:57 | Mortar Team |
| 20:59 | Scout Tower |
| 21:00 | Scout Tower |
| 21:00 | Scout Tower |
| 21:02 | Scout Tower |
| 21:03 | Scout Tower |
| 21:04 | Scout Tower |
| 21:16 | Divine Shield |
| 22:08 | Lumber Mill |
| 22:14 | Lumber Mill |
| 22:36 | Scout Tower |
| 22:37 | Scout Tower |
| 22:38 | Scout Tower |
| 22:39 | Scout Tower |
| 22:56 | Scout Tower |
| 22:56 | Scout Tower |
| 22:57 | Scout Tower |
| 23:00 | Scout Tower |
| 23:20 | Guard Tower |
| 23:22 | Guard Tower |
| 23:30 | Scout Tower |
| 23:30 | Scout Tower |
| 23:31 | Scout Tower |
| 23:32 | Scout Tower |
| 23:36 | Scout Tower |
| 23:38 | Guard Tower |
| 23:58 | Guard Tower |
| 24:05 | Guard Tower |
| 24:37 | Scout Tower |
| 24:37 | Scout Tower |
| 24:41 | Scout Tower |
| 24:42 | Scout Tower |
| 24:50 | Imbued Masonry |
| 26:37 | Bash |
| 26:38 | Bash |
| 26:40 | Holy Light |
| 28:11 | Altar of Kings |
| 29:11 | Flying Machine |
| 29:11 | Flying Machine |
| 29:11 | Flying Machine |
| 29:11 | Flying Machine |
| 29:12 | Flying Machine |
| 29:12 | Flying Machine |
| 29:12 | Flying Machine |
| 32:14 | Flying Machine |
| 32:15 | Flying Machine |
| 32:15 | Flying Machine |
| 35:25 | Storm Bolt |
| 35:26 | Storm Bolt |
| 35:28 | Divine Shield |
| 35:29 | Holy Light |
| 42:33 | Flying Machine |
| 42:33 | Flying Machine |
| 42:34 | Flying Machine |
| 42:34 | Flying Machine |
| 42:34 | Flying Machine |
| 43:36 | Mortar Team |
| 43:37 | Mortar Team |
| 47:07 | Gryphon Aviary |
| 49:01 | Cloud |
| 49:01 | Dragonhawk Rider |
| 49:02 | Dragonhawk Rider |
| 49:04 | Flying Machine |
| 49:05 | Flying Machine |
| 49:05 | Flying Machine |
| 49:09 | Flying Machine |
| 49:48 | Farm |
| 49:49 | Farm |
| 49:50 | Farm |
| 53:44 | Brilliance Aura |
| 57:24 | Avatar |
| 63:28 | Divine Shield |
| 65:38 | Divine Shield |
| 66:47 | Bash |
| Right click | 2835 |
| Select group | 1027 |
| Select | 761 |
| Use ability | 233 |
| Misc. action | 184 |
| Build/train/purchase | 143 |
| Minimap ping | 62 |
| Resource trade | 21 |
| Assign group | 12 |
| Esc | 11 |
| Remove unit | 2 |
⇛